 Dungeon Crawl Stone Soup version 0.32-a0-699-g1ee5eff69a (webtiles) character file.

Game seed: 3555174994151187996

28 CarvArkoylaein the Shield-Bearer (level 3, 36/36 HPs) *EXPLORE*
             Began as a Troll Fighter on Mar 5, 2024.
             Quit the game on level 1 of the Dungeon on Mar 13, 2024.
             The game lasted 00:05:43 (450 turns).

CarvArkoylaein the Shield-Bearer (Troll Fighter)     Turns: 450, Time: 00:05:43

Health: 36/36      AC:  4    Str: 24 (26) XL:     3   Next: 0%
Magic:  2/2        EV:  7    Int:  2 (4)  God:
Gold:   64         SH:  6    Dex:  6 (9)  Spells: 2/2 levels left

rFire   . .          .
                       - Unarmed
rCold   . . .        b - +0 kite shield
rNeg    . . .        a - +0 robe
rPois   .            (helmet restricted)
rElec   .            (no cloak)
rCorr   .            (gloves unavailable)
SInv    .            (boots unavailable)
Will    .....        (no amulet)
Stlth   +            (no ring)
HPRegen 1.06/turn    (no ring)
MPRegen 0.08/turn

%: no passive effects
@: no status effects
A: large, unfitting armour, claws 3, regeneration 1, shaggy fur 1, tough skin 1
a: no special abilities


You were on level 1 of the Dungeon.
You visited 1 branch of the dungeon, and saw 1 of its levels.

You collected 64 gold pieces.

Inventory:

Armour
 a - a +0 robe (worn)
 b - a +0 kite shield (worn)
Scrolls
 d - a scroll of butterflies {unknown}
 f - a scroll of identify {unknown}
Potions
 c - a potion of might
 e - a potion of mutation {unknown}


   Skills:
 * Level 2.8 Fighting
 + Level 2.6 Dodging
 - Level 2.9 Shields
 * Level 2.5 Unarmed Combat


You had 2 spell levels left.
You didn't know any spells.
Your spell library was empty.

Dungeon Overview and Level Annotations

Branches:
Dungeon (1/15)

Altars:


Innate Abilities, Weirdness & Mutations

You are too large for most types of armour.
You have claws for hands.
Your natural rate of healing is unusually fast.
You are covered in fur. (AC +1)
You have tough skin. (AC +1)


Message History

Nothing quivered!
Nothing quivered!
Nothing quivered!
Nothing quivered!
Nothing quivered!
Nothing quivered!
Nothing quivered!
Nothing quivered!
Nothing quivered!
Nothing quivered!
Nothing quivered!
You scratch the endoplasm.
The endoplasm is severely wounded.
The endoplasm hits you but does no damage.
You completely miss the endoplasm.
The endoplasm is severely wounded.
The endoplasm freezes you.
You are frozen.
You claw the endoplasm!
You kill the endoplasm!
You have reached level 3!
Your experience leads to an increase in your attributes!
Your base attributes are Str 23, Int 4, Dex 9.
Increase (S)trength, (I)ntelligence, or (D)exterity?
Uppercase letters only, please.
You feel stronger. x3
A bat comes into view.
The bat moves out of view.
Welcome back, CarvArkoylaein the Troll Fighter.
Press ? for a list of commands and other information.
No monsters, items or features are visible.
Clearing monster memory.
Okay, then.
Press: ? - help, v - describe, . - travel The floor.
You don't know any spells.
You don't know any spells.
Welcome back, CarvArkoylaein the Troll Fighter.
Press ? for a list of commands and other information.
Are you sure you want to abandon this character and quit the game? (Confirm with "yes".)

# ............##
## .............#
.# .............+
..#
.............#
#..#
.............#
#..# .
.............#
#..# ...
.####......_# #..
.... #.......# #.
.....####@......#
#.
..........#######
#.. ..........#
#..# ####......#
#..# .........#
..# ###.#...## .#
#.....# # ###.#.#
# ..#+#


There were no monsters in sight!

Vanquished Creatures
  5 endoplasms (D:1)
  3 goblins (D:1)
  2 hobgoblins (D:1)
  6 jackals (D:1)
  A ball python (D:1)
  A bat (D:1)
  3 frilled lizards (D:1)
  2 kobolds (D:1)
  2 rats (D:1)
25 creatures vanquished.

Notes
Turn   | Place    | Note
-------+----------+-------------------------------------------
     0 | D:1      | CarvArkoylaein the Troll Fighter began the quest for the
                  | Orb.
     0 | D:1      | Reached XP level 1. HP: 22/22 MP: 0/0
    87 | D:1      | Reached XP level 2. HP: 29/29 MP: 1/1
   381 | D:1      | Entered explore mode.
   424 | D:1      | Found a faded altar of an unknown god.
   441 | D:1      | Reached XP level 3. HP: 36/36 MP: 2/2
   447 | D:1      | Upgraded the game from 0.32-a0-616-g9348d4545b to
                  | 0.32-a0-699-g1ee5eff69a
   450 | D:1      | Quit the game

Illustrated notes

Levels and vault maps discovered:
D:1:      dpeg_chamrin_arrival_tetris, layout_basic, basic_ecumenical_altar,
          minmay_shallow_snake_nest

Action                     || total
---------------------------++-------
  Melee: Unarmed           ||    54
    Use: Scroll            ||     1
         Potion            ||     1
 Armour: Robe              ||    39
  Dodge: Dodged            ||    25
  Block: Kite shield       ||    27

Table legend: (Time is in decaauts)
 A = Elapsed time spent in this place.
 B = Non-inter-level travel time spent in this place.
 C = Inter-level travel time spent in this place.
 D = Time resting spent in this place.
 E = Time spent auto-exploring this place.
 F = Levels seen in this place.
 G = Mean time per level.
                   A        B        C        D        E       F      G
               +--------+--------+--------+--------+--------+-----+--------+
         Total |    454 |    438 |     16 |      0 |     61 |   1 |  454.0 |
       Dungeon |    454 |    438 |     16 |      0 |     61 |   1 |  454.0 |
               +--------+--------+--------+--------+--------+-----+--------+

Top non-repeatable levels by time:
     D:1: 454 daAuts
